General information
- name: BNet
- type: Ladder team game (AT/RT)
- host: Battle.net
- saver: dogsandhorse.ru
map: Monsoon
- players: 6
- length: 37:25
- speed: Fast
- version: 1.26 W3XP
- replay type:

» download(378 KB)
Players
team 1 (winner)
Birdeneering (
pink | 123 APM | 4615 actions | 37:24)
5 Archmage
3 Blizzard
2 Brilliance Aura
4 Blood Mage
2 Flame Strike
2 Banish
4 Pit Lord
2 Rain of Fire
2 Cleaving Attack
» actions
| Assign group hotkey | 414 | |
| Basic commands | 3 | |
| Build / train | 156 | |
| Enter build submenu | 118 | |
| Enter hero's abilities submenu | 13 | |
| Give item / drop item | 7 | |
| Right click | 2316 | |
| Select / deselect | 464 | |
| Select group hotkey | 816 | |
| Use ability | 308 | |
4615 total
» units
» upgrades
| Masonry | 3 | |
| Lumber Harvesting | 2 | |
| Magic Sentry | 1 | |
6 total
» buildings
| Altar of Kings | 1 | |
| Farm | 6 | |
| Lumber Mill | 1 | |
| Scout Tower | 128 | |
| Arcane Tower | 4 | |
| Guard Tower | 84 | |
| Keep | 2 | |
| Arcane Vault | 2 | |
| Castle | 1 | |
| Town Hall | 3 | |
| Arcane Sanctum | 1 | |
233 total
» build order
00:04 Altar of Kings
00:09 Farm
00:34 Lumber Mill
00:46 Farm
01:16 Scout Tower
01:22 Scout Tower
01:37 Scout Tower
01:42 Arcane Tower
01:43 Arcane Tower
02:04 Arcane Tower
02:04 Arcane Tower
02:08 Scout Tower
02:12 Scout Tower
02:17 Guard Tower
02:17 Guard Tower
02:50 Scout Tower
02:51 Guard Tower
02:51 Guard Tower
02:56 Scout Tower
02:57 Guard Tower
02:57 Guard Tower
02:57 Guard Tower
03:21 Scout Tower
03:27 Guard Tower
03:27 Guard Tower
03:31 Scout Tower
03:34 Guard Tower
03:59 Guard Tower
04:01 Scout Tower
04:33 Scout Tower
04:34 Guard Tower
04:36 Scout Tower
04:37 Guard Tower
04:39 Keep
04:39 Keep
04:46 Arcane Vault
04:53 Arcane Vault
05:10 Guard Tower
05:11 Scout Tower
05:12 Scout Tower
06:13 Scout Tower
06:14 Scout Tower
06:15 Scout Tower
06:16 Guard Tower
06:20 Scout Tower
06:22 Scout Tower
06:23 Scout Tower
06:23 Scout Tower
06:24 Guard Tower
06:40 Scout Tower
06:41 Scout Tower
06:57 Farm
06:58 Farm
06:59 Farm
06:59 Farm
07:35 Guard Tower
07:39 Guard Tower
07:41 Scout Tower
07:46 Scout Tower
08:27 Scout Tower
08:27 Guard Tower
08:31 Scout Tower
08:32 Scout Tower
08:53 Guard Tower
08:54 Scout Tower
08:58 Guard Tower
09:23 Guard Tower
09:26 Scout Tower
09:27 Scout Tower
09:29 Scout Tower
09:30 Guard Tower
09:30 Guard Tower
09:46 Guard Tower
09:51 Guard Tower
09:52 Guard Tower
09:53 Scout Tower
10:14 Guard Tower
10:16 Scout Tower
10:20 Guard Tower
10:20 Guard Tower
10:21 Scout Tower
10:43 Guard Tower
10:45 Scout Tower
11:42 Guard Tower
12:24 Castle
12:37 Scout Tower
12:40 Scout Tower
12:43 Scout Tower
12:44 Scout Tower
12:45 Scout Tower
13:06 Scout Tower
13:12 Scout Tower
13:13 Scout Tower
13:14 Guard Tower
13:35 Scout Tower
13:36 Scout Tower
13:36 Guard Tower
13:46 Guard Tower
13:49 Scout Tower
13:49 Scout Tower
13:53 Guard Tower
14:12 Town Hall
14:18 Guard Tower
14:19 Guard Tower
14:22 Scout Tower
14:23 Scout Tower
14:24 Guard Tower
14:24 Guard Tower
14:24 Guard Tower
14:27 Scout Tower
15:20 Guard Tower
15:22 Scout Tower
16:32 Scout Tower
16:32 Guard Tower
16:34 Scout Tower
16:35 Scout Tower
17:41 Guard Tower
17:46 Scout Tower
17:51 Arcane Sanctum
17:53 Scout Tower
17:55 Scout Tower
18:15 Guard Tower
18:19 Scout Tower
18:33 Scout Tower
18:34 Scout Tower
18:43 Scout Tower
18:43 Guard Tower
18:44 Guard Tower
19:34 Guard Tower
19:41 Guard Tower
19:43 Scout Tower
19:44 Scout Tower
19:46 Guard Tower
19:47 Scout Tower
19:52 Scout Tower
20:28 Guard Tower
20:29 Scout Tower
20:30 Scout Tower
20:33 Scout Tower
20:33 Scout Tower
21:54 Guard Tower
21:55 Scout Tower
21:56 Scout Tower
21:58 Guard Tower
21:59 Scout Tower
22:02 Scout Tower
22:03 Scout Tower
22:07 Scout Tower
22:09 Scout Tower
22:10 Scout Tower
22:10 Scout Tower
22:11 Scout Tower
22:11 Scout Tower
22:12 Scout Tower
22:13 Scout Tower
22:15 Scout Tower
22:16 Scout Tower
22:17 Scout Tower
22:19 Scout Tower
22:20 Scout Tower
22:21 Scout Tower
22:22 Scout Tower
22:22 Scout Tower
22:23 Scout Tower
22:48 Guard Tower
22:49 Scout Tower
22:50 Scout Tower
22:53 Guard Tower
22:54 Scout Tower
22:56 Scout Tower
22:59 Scout Tower
23:02 Guard Tower
23:02 Guard Tower
23:29 Guard Tower
23:31 Scout Tower
23:36 Guard Tower
23:49 Scout Tower
23:49 Scout Tower
24:01 Guard Tower
24:03 Guard Tower
24:05 Scout Tower
24:06 Scout Tower
24:16 Guard Tower
24:18 Scout Tower
24:19 Scout Tower
24:19 Scout Tower
24:20 Scout Tower
24:27 Guard Tower
25:11 Guard Tower
25:13 Guard Tower
25:23 Scout Tower
25:23 Scout Tower
25:29 Scout Tower
25:30 Scout Tower
25:32 Town Hall
25:34 Guard Tower
25:38 Scout Tower
25:39 Scout Tower
25:41 Scout Tower
26:42 Guard Tower
26:47 Guard Tower
27:20 Scout Tower
27:21 Guard Tower
27:33 Town Hall
27:37 Scout Tower
27:38 Scout Tower
28:20 Guard Tower
28:21 Scout Tower
28:22 Scout Tower
28:23 Scout Tower
28:33 Guard Tower
28:35 Scout Tower
28:50 Guard Tower
29:15 Scout Tower
29:17 Scout Tower
29:31 Guard Tower
29:33 Scout Tower
29:34 Scout Tower
29:47 Guard Tower
29:48 Scout Tower
29:49 Scout Tower
30:02 Guard Tower
33:02 Guard Tower
33:03 Scout Tower
33:07 Guard Tower
33:08 Scout Tower
34:58 Guard Tower
35:04 Guard Tower
» items
| Boots of Speed | 3 | |
| Staff of Teleportation | 4 | |
| Scroll of Regeneration | 3 | |
| Scroll of Town Portal | 2 | |
| Lesser Clarity Potion | 1 | |
| Potion of Healing | 2 | |
| Healing Salve | 4 | |
| Orb of Lightning | 2 | |
| Staff of Sanctuary | 3 | |
| Orb of Venom | 1 | |
25 total
dogsandhorse.ru (
teal | 129 APM | 4833 actions | 37:25)
7 Blademaster
3 Wind Walk
3 Critical Strike
1 Bladestorm
» actions
| Assign group hotkey | 28 | |
| Basic commands | 4 | |
| Build / train | 99 | |
| Enter build submenu | 86 | |
| Enter hero's abilities submenu | 7 | |
| Give item / drop item | 27 | |
| Remove unit from queue | 2 | |
| Right click | 3217 | |
| Select / deselect | 450 | |
| Select group hotkey | 593 | |
| Use ability | 318 | |
4833 total
» units
» upgrades
| Ranged Weapons | 3 | |
| Liquid Fire | 1 | |
| Troll Regeneration | 1 | |
5 total
» buildings
| Orc Burrow | 4 | |
| Altar of Storms | 1 | |
| War Mill | 1 | |
| Voodoo Lounge | 6 | |
| Watch Tower | 66 | |
| Stronghold | 1 | |
| Beastiary | 3 | |
| Fortress | 1 | |
| Great Hall | 2 | |
| Barracks | 1 | |
86 total
» build order
00:18 Orc Burrow
00:32 Altar of Storms
00:43 War Mill
00:55 Voodoo Lounge
01:38 Voodoo Lounge
01:54 Voodoo Lounge
02:07 Watch Tower
02:21 Watch Tower
02:56 Watch Tower
03:09 Watch Tower
03:24 Watch Tower
03:51 Stronghold
04:12 Watch Tower
04:41 Watch Tower
05:02 Orc Burrow
05:05 Orc Burrow
05:09 Watch Tower
05:09 Watch Tower
05:11 Watch Tower
05:29 Watch Tower
06:21 Watch Tower
06:38 Watch Tower
07:01 Beastiary
07:19 Beastiary
07:34 Watch Tower
07:40 Fortress
09:20 Watch Tower
11:12 Watch Tower
11:14 Watch Tower
11:16 Watch Tower
12:35 Orc Burrow
13:12 Voodoo Lounge
13:14 Voodoo Lounge
13:39 Watch Tower
15:04 Watch Tower
15:05 Watch Tower
15:06 Watch Tower
16:07 Watch Tower
16:10 Watch Tower
16:10 Watch Tower
16:47 Watch Tower
16:52 Watch Tower
16:52 Watch Tower
16:53 Watch Tower
17:10 Watch Tower
17:49 Watch Tower
18:14 Voodoo Lounge
18:18 Watch Tower
18:20 Watch Tower
19:24 Watch Tower
19:28 Great Hall
19:31 Watch Tower
19:31 Watch Tower
20:11 Watch Tower
20:14 Watch Tower
21:21 Watch Tower
21:22 Watch Tower
21:23 Watch Tower
22:18 Barracks
22:41 Watch Tower
25:04 Watch Tower
26:26 Watch Tower
26:27 Watch Tower
26:28 Watch Tower
26:28 Watch Tower
30:04 Watch Tower
30:05 Watch Tower
30:06 Watch Tower
30:06 Watch Tower
30:07 Watch Tower
30:08 Watch Tower
31:42 Beastiary
32:09 Great Hall
32:13 Watch Tower
32:14 Watch Tower
32:15 Watch Tower
32:41 Watch Tower
33:41 Watch Tower
33:42 Watch Tower
33:43 Watch Tower
33:48 Watch Tower
34:46 Watch Tower
34:46 Watch Tower
34:47 Watch Tower
34:47 Watch Tower
35:22 Watch Tower
» items
| Healing Salve | 9 | |
| Lesser Clarity Potion | 12 | |
| Boots of Speed | 1 | |
| Staff of Teleportation | 1 | |
| Orb of Lightning | 1 | |
| Scroll of Town Portal | 1 | |
25 total
NUTSONYOCHIN.de (
blue | 136 APM | 5100 actions | 37:24)
7 Warden
3 Shadow Strike
3 Blink
1 Spirit of Vengeance
5 Pandaren Brewmaster
3 Breath of Fire
2 Drunken Haze
» actions
| Assign group hotkey | 12 | |
| Basic commands | 23 | |
| Build / train | 98 | |
| ESC pressed | 3 | |
| Enter build submenu | 33 | |
| Enter hero's abilities submenu | 12 | |
| Give item / drop item | 5 | |
| Right click | 3010 | |
| Select / deselect | 217 | |
| Select group hotkey | 1470 | |
| Use ability | 217 | |
5100 total
» units
» upgrades
| Ultravision | 1 | |
| Strength of the Wild | 3 | |
| Well Spring | 1 | |
| Corrosive Breath | 1 | |
| Reinforced Hides | 3 | |
9 total
» buildings
| Altar of Elders | 2 | |
| Moon Well | 12 | |
| Tree of Ages | 1 | |
| Tree of Life | 2 | |
| Ancient of Wonders | 1 | |
| Hunter's Hall | 1 | |
| Ancient Protector | 4 | |
| Tree of Eternity | 1 | |
| Ancient of Wind | 1 | |
| Chimaera Roost | 4 | |
29 total
» build order
00:20 Altar of Elders
00:22 Moon Well
01:48 Moon Well
02:49 Moon Well
03:12 Tree of Ages
04:30 Tree of Life
04:34 Tree of Life
04:35 Ancient of Wonders
06:26 Moon Well
06:29 Moon Well
06:29 Moon Well
07:14 Moon Well
08:23 Hunter's Hall
09:30 Ancient Protector
09:30 Ancient Protector
11:34 Altar of Elders
12:18 Ancient Protector
12:19 Ancient Protector
12:39 Moon Well
12:40 Moon Well
13:13 Tree of Eternity
14:32 Ancient of Wind
16:07 Chimaera Roost
16:08 Chimaera Roost
20:19 Chimaera Roost
20:20 Chimaera Roost
21:34 Moon Well
21:39 Moon Well
21:40 Moon Well
» items
| Boots of Speed | 5 | |
| Staff of Teleportation | 2 | |
| Dust of Appearance | 1 | |
| Lesser Clarity Potion | 5 | |
| Orb of Venom | 1 | |
| Healing Salve | 1 | |
| Orb of Lightning | 1 | |
| Scroll of Town Portal | 2 | |
18 total
team 2 (loser)
cybercotlet (
yellow | 74 APM | 2761 actions | 37:24)
5 Far Seer
2 Feral Spirit
3 Chain Lighting
4 Tauren Chieftain
2 Endurance Aura
2 Shockwave
» actions
| Assign group hotkey | 41 | |
| Basic commands | 8 | |
| Build / train | 73 | |
| Enter build submenu | 54 | |
| Enter hero's abilities submenu | 9 | |
| Remove unit from queue | 2 | |
| Right click | 1149 | |
| Select / deselect | 692 | |
| Select group hotkey | 627 | |
| Use ability | 106 | |
2761 total
» units
| Peon | 24 | |
| Troll Headhunter/Berserker | 14 | |
| Tauren | 1 | |
| Raider | 2 | |
| Shaman | 3 | |
44 total
» upgrades
| Armor | 1 | |
| Ranged Weapons | 2 | |
| Troll Regeneration | 1 | |
| Reinforced Defenses | 1 | |
| Berserker Upgrade | 1 | |
| Shaman Training | 2 | |
| Ensnare | 1 | |
9 total
» buildings
| Altar of Storms | 1 | |
| Orc Burrow | 5 | |
| War Mill | 1 | |
| Barracks | 2 | |
| Voodoo Lounge | 1 | |
| Stronghold | 1 | |
| Fortress | 1 | |
| Watch Tower | 29 | |
| Great Hall | 3 | |
| Spirit Lodge | 1 | |
| Tauren Totem | 1 | |
| Beastiary | 2 | |
48 total
» build order
00:09 Altar of Storms
00:24 Orc Burrow
01:00 War Mill
01:33 Barracks
01:45 Orc Burrow
02:09 Barracks
02:25 Voodoo Lounge
02:53 Orc Burrow
04:45 Orc Burrow
06:15 Stronghold
11:12 Fortress
11:16 Orc Burrow
12:25 Watch Tower
14:21 Watch Tower
14:35 Great Hall
14:48 Watch Tower
15:04 Watch Tower
15:07 Watch Tower
16:09 Watch Tower
16:58 Watch Tower
17:00 Watch Tower
17:37 Watch Tower
18:35 Watch Tower
18:45 Great Hall
19:04 Watch Tower
19:42 Watch Tower
20:07 Watch Tower
21:47 Spirit Lodge
22:22 Tauren Totem
25:01 Watch Tower
25:27 Watch Tower
26:08 Beastiary
27:31 Beastiary
27:42 Watch Tower
28:38 Great Hall
28:42 Watch Tower
28:44 Watch Tower
31:28 Watch Tower
31:55 Watch Tower
31:57 Watch Tower
31:59 Watch Tower
32:00 Watch Tower
32:56 Watch Tower
33:00 Watch Tower
33:03 Watch Tower
33:13 Watch Tower
33:17 Watch Tower
34:57 Watch Tower
» items
| Healing Salve | 1 | |
| Scroll of Town Portal | 2 | |
| Scroll of Protection | 1 | |
4 total

»
nK.PucuS. (
green | 199 APM | 7441 actions | 37:24)
6 Priestess of the Moon
2 Searing Arrows
3 Trueshot Aura
1 Starfall
» actions
| Assign group hotkey | 101 | |
| Basic commands | 224 | |
| Build / train | 124 | |
| ESC pressed | 17 | |
| Enter build submenu | 33 | |
| Enter hero's abilities submenu | 6 | |
| Give item / drop item | 3 | |
| Right click | 3181 | |
| Select / deselect | 1631 | |
| Select group hotkey | 1950 | |
| Use ability | 163 | |
7441 total
» units
| Wisp | 25 | |
| Huntress | 14 | |
| Archer | 23 | |
| Hippogryph | 16 | |
| Gnoll Warden | 1 | |
| Mud Golem | 1 | |
80 total
» upgrades
| Strength of the Wild | 1 | |
| Strength of the Moon | 2 | |
| Hippogryph Taming | 1 | |
| Improved Bows | 1 | |
| Moon Armor | 1 | |
6 total
» buildings
| Altar of Elders | 1 | |
| Moon Well | 5 | |
| Hunter's Hall | 1 | |
| Ancient of War | 2 | |
| Ancient of Wonders | 1 | |
| Tree of Life | 2 | |
| Tree of Ages | 1 | |
| Ancient of Lore | 1 | |
| Ancient Protector | 9 | |
| Ancient of Wind | 1 | |
24 total
» build order
00:05 Altar of Elders
00:17 Moon Well
01:28 Hunter's Hall
01:40 Ancient of War
02:05 Moon Well
02:20 Ancient of War
03:25 Moon Well
04:34 Ancient of Wonders
06:02 Moon Well
07:14 Tree of Life
08:44 Tree of Ages
09:27 Moon Well
11:19 Ancient of Lore
11:20 Ancient Protector
12:56 Ancient Protector
15:11 Ancient of Wind
19:35 Ancient Protector
21:34 Tree of Life
22:16 Ancient Protector
22:44 Ancient Protector
22:44 Ancient Protector
31:05 Ancient Protector
31:05 Ancient Protector
31:06 Ancient Protector
» items
| Boots of Speed | 4 | |
| Scroll of Healing | 3 | |
| Dust of Appearance | 3 | |
| Scroll of Town Portal | 3 | |
| Staff of Preservation | 4 | |
| Scroll of Protection | 1 | |
| Potion of Healing | 1 | |
| Potion of Lesser Invulnerability | 2 | |
21 total

»
Sw.Edward (
purple | 121 APM | 4309 actions | 35:36)
6 Keeper of the Grove
3 Entangling Roots
2 Force of Nature
1 Tranquility
» actions
| Assign group hotkey | 120 | |
| Basic commands | 128 | |
| Build / train | 93 | |
| Enter build submenu | 35 | |
| Enter hero's abilities submenu | 7 | |
| Remove unit from queue | 3 | |
| Right click | 1945 | |
| Select / deselect | 962 | |
| Select group hotkey | 874 | |
| Use ability | 142 | |
4309 total
» units
| Wisp | 33 | |
| Glaive Thrower | 10 | |
| Archer | -1 | |
| Druid of the Talon | 11 | |
| Chimaera | 3 | |
56 total
» upgrades
| Strength of the Moon | 2 | |
| Vorpal Blades | 1 | |
| Ultravision | 1 | |
| Well Spring | 1 | |
| Reinforced Hides | 3 | |
| Druid of the Talon Training | 2 | |
| Nature's Blessing | 1 | |
| Corrosive Breath | 1 | |
| Mark of the Talon | 1 | |
| Strength of the Wild | 1 | |
14 total
» buildings
| Altar of Elders | 1 | |
| Moon Well | 8 | |
| Hunter's Hall | 1 | |
| Ancient of War | 2 | |
| Ancient Protector | 9 | |
| Ancient of Wonders | 1 | |
| Tree of Ages | 2 | |
| Tree of Eternity | 1 | |
| Ancient of Wind | 2 | |
| Chimaera Roost | 2 | |
| Tree of Life | 1 | |
30 total
» build order
00:13 Altar of Elders
00:24 Moon Well
01:25 Hunter's Hall
01:57 Ancient of War
02:08 Moon Well
02:17 Moon Well
02:41 Ancient of War
03:15 Ancient Protector
03:29 Ancient of Wonders
04:40 Tree of Ages
04:40 Tree of Ages
08:42 Tree of Eternity
09:36 Moon Well
09:37 Moon Well
11:17 Ancient of Wind
12:46 Ancient Protector
12:58 Ancient Protector
13:22 Ancient Protector
14:08 Ancient Protector
15:27 Chimaera Roost
17:24 Chimaera Roost
19:17 Tree of Life
22:40 Ancient Protector
22:46 Ancient Protector
22:53 Ancient Protector
23:29 Ancient Protector
24:57 Ancient of Wind
27:40 Moon Well
27:44 Moon Well
27:46 Moon Well
» items
| Lesser Clarity Potion | 3 | |
| Orb of Venom | 1 | |
| Scroll of Town Portal | 2 | |
| Dust of Appearance | 2 | |
| Potion of Healing | 2 | |
10 total
Chat log
(00:27 / All) nK.PucuS.: glhf
(00:58 / All) Birdeneering: hey! - best of luck
(01:04 / All) nK.PucuS.: thx :)
(01:10 / All) dogsandhorse.ru: listen up shit breadth this is gonna be a quick 1
(01:11 / All) nK.PucuS.: kind sir
(01:47 / All) Sw.Edward: me not bery you are today me but not you
(02:11 / All) nK.PucuS.: ur words are wise and true
(02:37 / All) Birdeneering: no huntresses
(02:40 / All) Birdeneering: we beg
(02:52 / All) nK.PucuS.: k mass glaive
(02:53 / All) Sw.Edward: we make many today you are
(03:06 / All) Sw.Edward: you are dead!
(03:09 / All) nK.PucuS.: gosu micfro
(03:09 / All) Birdeneering: nope
(03:16 / All) nK.PucuS.: that was quick
(03:18 / All) nK.PucuS.: indeed
(03:33 / All) Sw.Edward: oh noes
(03:56 / All) Birdeneering: alas!
(04:09 / All) Sw.Edward: oh noes
(06:06 / All) dogsandhorse.ru: lol
(06:07 / All) dogsandhorse.ru: yellow
(06:08 / All) Birdeneering: wowww
(06:11 / All) dogsandhorse.ru: i see why you have been silent
(07:35 / All) nK.PucuS.: hi
(17:58 / All) Birdeneering: thanks for
(17:59 / All) Birdeneering: the win
(25:15 / All) dogsandhorse.ru: lol
(25:17 / All) dogsandhorse.ru: truly
(25:19 / All) dogsandhorse.ru: unbelievably
(25:20 / All) dogsandhorse.ru: awful
(25:26 / All) dogsandhorse.ru: this is Great Ownage for clan towa
(25:30 / All) dogsandhorse.ru: #1 towa clan from USA
(25:54 / All) Sw.Edward: well polish Lamers would have own ya like shitfaced ducks
(26:15 / All) Birdeneering: just owned #1 polish clan
(26:21 / All) Birdeneering: Pooped in their tractors
(26:22 / All) Sw.Edward: sure
(26:25 / All) nK.PucuS.: niuce
(26:56 / All) nK.PucuS.: u won tower in tower defence or real game?
(27:04 / All) Birdeneering: It was a ladder game
(27:07 / All) nK.PucuS.: lol
(27:08 / All) Birdeneering: we won, they lost
(27:09 / All) Birdeneering: poland lost
(27:13 / All) Birdeneering: because poland = smell
(27:14 / All) dogsandhorse.ru: from?
(27:16 / All) Birdeneering: smell of polish cheese
(27:17 / All) dogsandhorse.ru: where are You from
(28:13 / All) Birdeneering: bye
(28:16 / All) Birdeneering: cost me 0 gold
(28:23 / All) nK.PucuS.: nice
(30:20 / All) Birdeneering: Looks like u lose
(30:24 / All) Birdeneering: why u still herE?
(31:04 / All) Birdeneering: 0 gold was lost
(31:07 / All) Birdeneering: how much ur tp cost?
(31:12 / All) Birdeneering: how much ur peons cost?
(31:15 / All) Birdeneering: how much ur towers cost?
(31:29 / All) Birdeneering: more money than all the ugly girls in poland would cost
(31:32 / All) Birdeneering: and there are many
(31:44 / All) Birdeneering: It's a land of plenty
(31:47 / All) Birdeneering: plenty of ugly girls
(35:03 / All) nK.PucuS.: wow u good tower defence
(35:10 / All) dogsandhorse.ru: wow u good .......nothing
(35:11 / All) Birdeneering: you are really bad at
(35:14 / All) Birdeneering: whatever it is you're doing
(35:18 / All) nK.PucuS.: :D
(35:26 / All) Birdeneering: why didn't you win
(35:28 / All) Birdeneering: we just made towers
(35:31 / All) Birdeneering: and you lose?
(35:34 / All) dogsandhorse.ru: just kill towers
(35:35 / All) Birdeneering: why did you make
(35:36 / All) nK.PucuS.: pro strategy
(35:37 / All) Birdeneering: 1. head hunters
(35:39 / All) dogsandhorse.ru: bye
(35:39 / All) nK.PucuS.: wowowow
(35:40 / All) nK.PucuS.: ;d
(35:41 / All) dogsandhorse.ru: clan towa #1
(35:42 / All) dogsandhorse.ru: lmao
(35:43 / All) dogsandhorse.ru: quit
(35:46 / All) dogsandhorse.ru: was the rude talk too much
(35:49 / All) nK.PucuS.: clan towa?
(35:52 / All) nK.PucuS.: what does it mean
(35:54 / All) nK.PucuS.: ?
(36:00 / All) dogsandhorse.ru: Here's some more: suck 10 dog dicks and email your mom a vid
(36:08 / All) nK.PucuS.: why?
(36:10 / All) nK.PucuS.: u do that?
(36:14 / All) dogsandhorse.ru: it owns
(36:15 / All) nK.PucuS.: i think that grose
(36:17 / All) nK.PucuS.: wow
(36:25 / All) nK.PucuS.: u are a dirty pervert
(36:32 / All) dogsandhorse.ru: hehe...
(36:34 / All) nK.PucuS.: i dont wanna talk to you any more
(36:36 / All) dogsandhorse.ru: bye
(36:37 / All) dogsandhorse.ru: leave
(36:38 / All) dogsandhorse.ru: quite
(36:40 / All) dogsandhorse.ru: quit
(36:41 / All) nK.PucuS.: fuck u
(36:41 / All) dogsandhorse.ru: give me a win
(36:43 / All) dogsandhorse.ru: lo
(36:43 / All) nK.PucuS.: poor dogs
(36:44 / All) dogsandhorse.ru: l
(36:44 / All) nK.PucuS.: omg
(36:55 / All) nK.PucuS.: wait for it
(37:03 / All) dogsandhorse.ru: no
(37:04 / All) dogsandhorse.ru: leave now
(37:09 / All) dogsandhorse.ru: kiss our feet
(37:11 / All) dogsandhorse.ru: all of them
(37:13 / All) dogsandhorse.ru: 30 toes